[Event "Early-Titled-Tuesday-Blitz-March-05-2024"]
[Site "Chess.com"]
[Date "2024.03.05"]
[Round "1"]
[White "MyDream003"]
[Black "RCone"]
[Result "1-0"]
[WhiteElo "2771"]
[BlackElo "2435"]
[TimeControl "180+1"]
[EndTime "8:08:26 PST"]
[Termination "MyDream003 won on time"]

1. e4 d6 2. Nf3 Nf6 3. Nc3 g6 4. d4 Bg7 5. Bd3 O-O 6. O-O Bg4 7. h3 Bxf3 8. Qxf3 Nc6 9. Ne2 e5 10. d5 Ne7 11. c4 Nd7 12. Ng3 Nc5 13. Bc2 a5 14.
Bd2 b6 15. Rad1 Qd7 16. b3 f5 17. exf5 Nxf5 18. Bxf5 gxf5 19. Nh5 f4 20. Qg4 Qxg4 21. hxg4 e4 22. Bxf4 Nd3 23. Be3 Ne5 24. g5 Bh8 25. Ng3 Ng4 26. Nxe4 Nxe3 27. fxe3 Rae8 28. Rxf8+ Kxf8 29.
Rf1+ Kg8 30. Rf4 Be5 31. Rg4 Kf7 32. Kf2 Kg6 33. Rh4 Bg7 34. Kf3 Rf8+ 35. Rf4 Re8 36. a4 Re5 37. Kg4 h5+ 38. Kf3 Rf5 39. g4 hxg4+ 40. Kxg4 Re5 41. Kf3 Rf5 42. Rxf5 Kxf5 43. Nf6 Kxg5 44. Ne8 Bc3 45. Nxc7 Kf5 46. Nb5 Bb4 47.
Nd4+ Ke5 48. Nc6+ Kf5 49. Nxb4 axb4 50. e4+ Kg6 51. Kf4 Kf6 52. e5+ dxe5+ 53. Ke4 Ke7 54. Kxe5 Kd7 55. d6 Ke8 56. Ke6 Kd8 57. d7 b5 58.
axb5 Kc7 59. c5 Kb7 60. d8=Q Ka7 61. Qc7+ Ka8 62. Qg7 1-0

[Event "Early-Titled-Tuesday-Blitz-March-05-2024"]
[Site "Chess.com"]
[Date "2024.03.05"]
[Round "1"]
[White "bescmelasti"]
[Black "ElVital"]
[Result "1-0"]
[WhiteElo "2647"]
[BlackElo "2351"]
[TimeControl "180+1"]
[EndTime "8:08:27 PST"]
[Termination "bescmelasti won by resignation"]

1. e4 c5 2. Nf3 d6 3. d4 cxd4 4. Nxd4 Nf6 5. Nc3 g6 6. Be3 Bg7 7. f3 a6 8. Qd2 h5 9. Be2 b5 10. a4 b4 11. Na2 a5 12. c3 bxc3 13. Nxc3 O-O 14. O-O Na6 15. Rfd1 Nc5 16. Rab1 Bd7 17. Ndb5 Qc8 18. b3 Bc6 19. Rdc1 Qb7 20. Nd4 Bd7 21. Bf1 Rfc8 22. Ndb5 Be6 23. Qd1 h4 24. Nd4 Bd7 25. h3 Nh5 26. Nd5 Be8 27. Qe1 Ng3 28. Bc4 e6 29. Nc3 Be5 30. Nce2 d5 31. exd5 exd5 32. Bb5 Bxb5 33. Nxb5 Nd3 34. Rxc8+ Rxc8 35. Qd2 Nb4 36. Nxg3 Rc2 37. Qd1 hxg3 38. Nd4 Ra2 39. Kh1 Qa6 40. f4 Bf6 41. Nb5 Qe6 42. Qf3 Qe4 43. Qxe4 dxe4 44.
Re1 Nd3 45. Rd1 Rb2 46. Nd6 Be7 47. Nxe4 Rxb3 48. Nd2 Ra3 49. Nf1 Bc5 50. Rxd3 Ra1 51. Bxc5 Rxf1+ 52. Bg1 Ra1 53. Rxg3 Rxa4 54. Rf3 Ra1 55.
Kh2 a4 56. Bf2 a3 57. Kg3 f5 58. Rb3 Kf7 59. Bd4 Ra2 60. Bc5 Rb2 61. Rxa3 Rb5 62. Ra7+ Ke6 63. Ra6+ Kd5 64. Be3 Ke4 65. Re6+ Kd3 66.
Kf3 Rb3 67. Rd6+ Kc4 68. Rxg6 1-0

[Event "Early-Titled-Tuesday-Blitz-March-05-2024"]
[Site "Chess.com"]
[Date "2024.03.05"]
[Round "1"]
[White "Kopytkin"]
[Black "Hope_6"]
[Result "0-1"]
[WhiteElo "2457"]
[BlackElo "2821"]
[TimeControl "180+1"]
[EndTime "8:08:30 PST"]
[Termination "Hope_6 won on time"]

1. d4 d5 2. Bg5 h6 3. Bh4 Nf6 4. e3 Bf5 5. c4 c6 6. Nc3 e6 7. Qb3 Qb6 8. c5 Qc7 9. Bg3 Qc8 10. h3 Nbd7 11. Nf3 b6 12. cxb6 axb6 13. Be2 Be7 14. O-O O-O 15. Rfc1 Qb7 16. a4 c5 17. dxc5 Nxc5 18. Qd1 Rfc8 19. Nd4 Bh7 20. Ncb5 Nce4 21.
Bh2 Rxc1 22. Rxc1 Rc8 23. Rxc8+ Qxc8 24. Bc7 Qb7 25. Qc1 Nc5 26. b3 Nfd7 27. f4 Bf6 28. Nf3 Nxb3 29. Qa3 Nbc5 30. Ne5 Bxe5 31. fxe5 Be4 32.
Bd6 Qa8 33. Nd4 Qxa4 34. Qxa4 Nxa4 35. Bb5 Nac5 36. Kf2 Bd3 37. Bc7 Bxb5 38. Nxb5 Nd3+ 39. Ke2 N3xe5 40. Nd6 Nc4 41. Nc8 f6 42. Kd3 Kf7 43. Kd4 b5 44. Bd6 Ndb6 45. Nxb6 Nxb6 46. Bb4 Nd7 47. e4 dxe4 48. Kxe4 Nb6 49. g4 Nd5 50. Bc5 b4 51. Kd4 g6 52. h4 h5 53. g5 fxg5 54. hxg5 h4 55. Kc4 h3 56. Bd6 Ke8 57. Be5 Kd7 58. Kb3 Kc6 59. Kc4 Ne3+ 60. Kxb4 Ng4 61. Bg3 h2 62. Bxh2 Nxh2 0-1

[Event "Early-Titled-Tuesday-Blitz-March-05-2024"]
[Site "Chess.com"]
[Date "2024.03.05"]
[Round "1"]
[White "TheAlienParty"]
[Black "Arifarsky"]
[Result "0-1"]
[WhiteElo "2382"]
[BlackElo "2682"]
[TimeControl "180+1"]
[EndTime "8:08:34 PST"]
[Termination "Arifarsky won on time"]

1. c4 Nf6 2. Nf3 g6 3. g3 Bg7 4. Bg2 O-O 5. O-O d6 6. d4 Nbd7 7. Bf4 c5 8. dxc5 Nxc5 9. Nc3 Be6 10. Nd2 Rc8 11. Rc1 Qb6 12. b3 Rfd8 13. Nd5 Nxd5 14. cxd5 Bd7 15. Nc4 Qa6 16. Qd2 Bb5 17. Bg5 Re8 18. h4 Nd7 19. Bh6 Bxc4 20. Bxg7 Bxe2 21. Ba1 Bxf1 22. Bxf1 Rxc1 23. Qxc1 Qxa2 24. Qc3 Nf6 25. g4 Qb1 26. g5 Qf5 27. gxf6 exf6 28. Qxf6 Qxf6 29.
Bxf6 Re1 30. Bd4 a5 31. Kg2 Rd1 32. Bc3 Rxd5 33. Bc4 Rc5 34. Bd4 Rh5 35. Kg3 b5 36. Be2 Rd5 37. Bb6 b4 38. Bc4 Re5 39. f4 Rf5 40. Kg4 h5+ 41. Kf3 Kf8 42. Ke4 Ke7 43. Ba6 Kd7 44. Bc4 Kc6 45. Bd8 d5+ 46. Bxd5+ Rxd5 47. f5 Rd7 48. Bf6 gxf5+ 49. Kxf5 Rd5+ 50. Ke4 Rd6 51. Bg5 Rd5 52. Be7 f5+ 53. Kf4 Kd7 54. Bf8 Rd3 55. Kg5 Rxb3 56. Kxh5 a4 57. Kg6 a3 58. Bh6 a2 59. Bg7 Rc3 60. Kxf5 a1=Q 61. h5 Qb1+ 62. Kg5 Rc5+ 63. Kh6 Qf5 64. Be5 Rxe5 0-1

[Event "Early-Titled-Tuesday-Blitz-March-05-2024"]
[Site "Chess.com"]
[Date "2024.03.05"]
[Round "1"]
[White "eagleclaw07"]
[Black "Matalon"]
[Result "1-0"]
[WhiteElo "2864"]
[BlackElo "2472"]
[TimeControl "180+1"]
[EndTime "8:08:40 PST"]
[Termination "eagleclaw07 won on time"]

1. d4 Nf6 2. c4 g6 3. Nc3 Bg7 4. e4 d6 5. Be2 O-O 6. Nf3 Bg4 7. O-O Nfd7 8. h3 Bxf3 9. Bxf3 Nc6 10. Be3 e5 11. d5 Nd4 12. Be2 c5 13. dxc6 bxc6 14.
Bd3 Rb8 15. b3 Nc5 16. Ne2 a5 17. Rb1 Nce6 18. Nxd4 Nxd4 19. Bxd4 exd4 20. f4 c5 21. Kh1 Rb4 22. a3 Rb7 23. Bc2 Qc7 24.
Qf3 Qe7 25. Rbe1 a4 26. bxa4 Rb2 27. Qd3 Rfb8 28. Bd1 Ra2 29. Bf3 Qh4 30. e5 Qxf4 31. Bd5 Rf2 32. Rxf2 Qxf2 33. Rf1 Qe3 34. Qxe3 dxe3 35.
exd6 Bc3 36. Bf3 Rd8 37. Rd1 Bd2 38. Kg1 Rxd6 39. Kf1 Ra6 40. Bd5 Rxa4 41. Ke2 Rxa3 42. Rf1 Ra7 43. Rf6 Kg7 44. Rc6 Ra2 45. Kf3 Bc1 46. Rc7 Rf2+ 47. Kg3 Rf6 48. Re7 Rf5 49. Kh2 Kf8 50. Re4 f6 51. Kg3 Rf2 52. Re6 Rf5 53.
Re4 h5 54. Re6 Bd2 55. h4 Be1+ 56. Kh3 Bf2 57. g4 Rf4 58. gxh5 gxh5 59. Kg2 Rg4+ 60. Kf3 Rxh4 61. Rxf6+ Ke7 62. Rc6 Rh3+ 63. Ke2 Rh1 64. Bxh1 h4 65. Bd5 h3 66. Rh6 h2 67. Rxh2 Kd6 68. Rh5 Ke7 69. Rf5 1-0

[Event "Early-Titled-Tuesday-Blitz-March-05-2024"]
[Site "Chess.com"]
[Date "2024.03.05"]
[Round "1"]
[White "kids2010"]
[Black "jup1978"]
[Result "1/2-1/2"]
[WhiteElo "2783"]
[BlackElo "2454"]
[TimeControl "180+1"]
[EndTime "8:08:41 PST"]
[Termination "Game drawn by repetition"]

1. e4 e6 2. d3 d5 3. Qe2 Nf6 4. Nf3 Nc6 5. g3 dxe4 6. dxe4 Nd4 7. Nxd4 Qxd4 8. Bg2 e5 9. Nc3 Bb4 10. Bd2 Be6 11. a3 Bc4 12. Qf3 O-O-O 13. O-O-O Bxc3 14. Bxc3 Qc5 15. Qf5+ Be6 16. Qxe5 Qxf2 17. Rdg1 Ng4 18. Qf4 Qxf4+ 19. gxf4 Nf2 20. f5 Bd7 21. Bxg7 Rhg8 22. f6 Nxh1 23. Bxh1 Rde8 24. Rg5 Re6 25. Rh5 Bc6 26.
Bf3 Bxe4 27. Bg4 Bg6 28. Bxe6+ fxe6 29. Rh6 Bf7 30. Rxh7 Bg6 31. Rh4 Rd8 32. b4 Bf7 33.
Rg4 b6 34. h4 Rd5 35. Bh6 Bh5 36. Rg8+ Kb7 37. Bg5 Rf5 38. Rg7 e5 39. Re7 Kc6 40. Kd2 Kd6 41. Ke3 Rf3+ 42. Kd2 Rf2+ 43. Kc3 Bg6 44. b5 Rxc2+ 45. Kb4 Rf2 46. Rg7 Bh5 47.
Rh7 Bg6 48. Rh6 Bf7 49. Rh7 Bg6 50. Re7 e4 51. Kc3 Rf3+ 52. Kb4 Rf5 53. a4 Rf3 54.
Kc4 e3 55. Rxe3 Rxe3 56. Bxe3 c6 57. Bf4+ Kd7 58. Kd4 cxb5 59. axb5 Ke6 60. Bg5 Be8 61. Kc4 Kf7 62. Kb4 Kg6 63. Kc4 Kf7 64. Bf4 Kxf6 65. Bb8 Kg6 66. Bc7 Kh5 67. Bd8 Bd7 68. Kb4 Be8 69.
Bg5 Bd7 70. Kc4 Be8 71. Kb4 Bd7 72. Bf6 Be8 73. Be7 Bd7 74. Bd8 Be8 75. Bc7 Bd7 76.
Bd8 1/2-1/2

[Event "Early-Titled-Tuesday-Blitz-March-05-2024"]
[Site "Chess.com"]
[Date "2024.03.05"]
[Round "1"]
[White "Iskusnyh"]
[Black "Grindaveci"]
[Result "1/2-1/2"]
[WhiteElo "2695"]
[BlackElo "2409"]
[TimeControl "180+1"]
[EndTime "8:08:42 PST"]
[Termination "Game drawn by stalemate"]

1. d4 d5 2. c4 c6 3. Nf3 Nf6 4. e3 e6 5. Bd3 dxc4 6. Bxc4 Bd6 7. O-O O-O 8. Bd3 Nbd7 9. Nbd2 e5 10. Nc4 Bc7 11. Ncxe5 Nxe5 12. Nxe5 Bxe5 13. dxe5 Ng4 14. h3 Nh6 15. e4 Qh4 16. Qf3 Be6 17. Bf4 Rad8 18. Rfd1 Rd7 19. Bf1 Rfd8 20. Rxd7 Rxd7 21. g3 Qe7 22. Qe3 Qb4 23. b3 a5 24. Bg2 Qd4 25.
Qxd4 Rxd4 26. Be3 Rd3 27. Bf1 Rd7 28. Bb6 a4 29. bxa4 Rd2 30. a5 Rxa2 31. Rd1 g6 32. Rd8+ Kg7 33. Bc5 Ng8 34. Bf8+ Kh8 35. Ra8 h5 36.
Ra7 Ra1 37. Kg2 Kh7 38. Bb4 Rb1 39. Rxb7 c5 40. a6 cxb4 41. a7 Ra1 42. f4 b3 43. Kf2 Ra2+ 44. Ke3 b2 45. Bd3 Ra3 46.
Rxb2 Rxa7 47. f5 gxf5 48. exf5 Bd5 49. Kf4 f6 50. exf6 Nxf6 51. Kg5 Kg7 52. Rb6 Ne4+ 53. Bxe4 Bxe4 54. Rg6+ Kf7 55. Rh6 Ra3 56. Kf4 Bf3 57. g4 hxg4 58. hxg4 Bd1 59. Rh7+ Kg8 60. Rh4 Ra4+ 61.
Kg5 Kg7 62. f6+ Kg8 63. Kf5 Bxg4+ 64. Rxg4+ Rxg4 65. Kxg4 Kf7 66. Kf5 Kf8 67. Kg5 Kf7 68.
Kf5 Kf8 69. Ke6 Ke8 70. f7+ Kf8 71. Kf6 1/2-1/2

[Event "Early-Titled-Tuesday-Blitz-March-05-2024"]
[Site "Chess.com"]
[Date "2024.03.05"]
[Round "1"]
[White "Rodalquilar"]
[Black "GM4life"]
[Result "1/2-1/2"]
[WhiteElo "2800"]
[BlackElo "2461"]
[TimeControl "180+1"]
[EndTime "8:08:43 PST"]
[Termination "Game drawn by repetition"]

1. d4 Nf6 2. Nf3 e6 3. Bf4 b6 4. e3 Bb7 5. Nbd2 Be7 6. h3 O-O 7. Bd3 d5 8. O-O c5 9. c3 Nbd7 10.
Qe2 Ne4 11. Rfe1 f5 12. Rad1 Bf6 13. Bh2 Qe7 14. Ne5 Bxe5 15. dxe5 c4 16. Bc2 Ndc5 17.
Nf3 Ba6 18. Rf1 Nd3 19. Rb1 Rac8 20. Nd4 Rfe8 21. f3 Nec5 22. Bg3 Qg5 23. Kh2 Qg6 24.
Qd2 Rf8 25. b4 cxb3 26. axb3 f4 27. exf4 Qh6 28. b4 Nxe5 29. bxc5 Bxf1 30. Rxf1 Nc4 31.
Qe2 bxc5 32. Qxe6+ Qxe6 33. Nxe6 Rfe8 34. Re1 Rb8 35.
f5 Rb2 36. Bd3 Nd2 37. Kh1 c4 38. Be2 g6 39. Ra1 gxf5 40. Nf4 Nb3 41. Rxa7 Rexe2 42. Nxe2 Rxe2 43. Bf4 Rc2 44. Rd7 Rxc3 45. Rxd5 Rd3 46. Rb5 Nd4 47. Rb8+ Kf7 48. Rc8 c3 49. Be5 Rd1+ 50.
Kh2 c2 51. Rc7+ Ke6 52. Bf4 Ne2 53. Bg5 c1=Q 54. Bxc1 Rxc1 55. Rxh7 Nf4 56. Rh6+ Ke5 57. Rh8 Rc2 58. Rg8 Kf6 59. h4 Kf7 60. Rg5 Kf6 61. Kh1 Ng6 62. g3 Ne5 63. g4 fxg4 64. fxg4 Rf2 65. Kg1 Nf3+ 66. Kxf2 Nxg5 67. Kg3 Nf7 68. Kf4 Kg6 69. h5+ Kh6 70. Kf5 Ng5 71. Kf6 Nh3 72.
Kf5 Ng5 73. Kf4 Nh3+ 74. Kg3 Ng5 75. Kh4 Nf7 76. Kh3 Ng5+ 77. Kg3 Nf7 78. Kf3 Ng5+ 79. Kf4 Nh3+ 80. Kf5 Ng5 1/2-1/2

[Event "Early-Titled-Tuesday-Blitz-March-05-2024"]
[Site "Chess.com"]
[Date "2024.03.05"]
[Round "1"]
[White "NikoTheodorou"]
[Black "AwareIdea"]
[Result "1-0"]
[WhiteElo "3066"]
[BlackElo "2519"]
[TimeControl "180+1"]
[EndTime "8:08:49 PST"]
[Termination "NikoTheodorou won by resignation"]

1. Nf3 d5 2. g3 Bg4 3. Bg2 Nd7 4. h3 Bh5 5. d3 c6 6. O-O Ngf6 7. Qe1 e5 8. e4 dxe4 9. dxe4 Bxf3 10. Bxf3 Bc5 11.
Nd2 O-O 12. a4 a5 13. Qe2 Qc7 14. Kg2 Rfd8 15. h4 Nf8 16. c3 Ne6 17. Nb3 Bb6 18.
Bg5 Qe7 19. Bg4 Nc5 20. Nxc5 Bxc5 21. h5 h6 22. Bh4 Rd6 23. Rad1 Rad8 24. Bf5 Rxd1 25.
Rxd1 Rxd1 26. Qxd1 Qd6 27. Qxd6 Bxd6 28. g4 Kf8 29. Kf3 Be7 30. Bg3 Bd6 31. Ke2 Ne8 32.
f3 f6 33. Bf2 Bc7 34. Kd3 Nd6 35. Be6 Ke7 36. Ba2 b6 37. b4 Kd7 38. Be3 Nc8 39. Bb3 Bd6 40. Kc4 Be7 41. Bc2 Nd6+ 42. Kb3 Kc7 43.
Bd3 Nb7 44. Bc4 c5 45. b5 Nd6 46. Bd5 Kd7 47. Kc2 Kc7 48. Kd3 Kd7 49. Bf2 Kc7 50.
Be1 Kd7 51. Bg3 Nc8 52. Bc6+ Kd8 53. Kc4 Bf8 54. Kd5 Ne7+ 55. Ke6 Nxc6 56. bxc6 Kc7 57. Kd5 b5 58. axb5 a4 59. c4 a3 60. Be1 a2 61.
Ba5+ Kc8 62. Bc3 Kc7 63. Ke6 Bd6 64. Kf7 Kb6 65. Ke8 Kc7 66. Kf7 Kb6 67. Kxg7 Bc7 68.
Kxf6 Ka7 69. g5 Ba5 70. Ba1 Bd2 71. g6 Be3 72. c7 Kb7 73. c8=Q+ Kxc8 74. g7 Kb7 75.
g8=Q Bd4 76. Qd5+ Kb6 77. Qc6+ Ka5 78. Qa6+ Kb4 79. Qxa2 Bxa1 80. Qxa1 Kxc4 81. b6 1-0

[Event "Early-Titled-Tuesday-Blitz-March-05-2024"]
[Site "Chess.com"]
[Date "2024.03.05"]
[Round "1"]
[White "DanielTitichoca"]
[Black "AsterPhoenix"]
[Result "0-1"]
[WhiteElo "2375"]
[BlackElo "2675"]
[TimeControl "180+1"]
[EndTime "8:08:52 PST"]
[Termination "AsterPhoenix won by resignation"]

1. e4 c5 2. Nc3 e6 3. Nf3 Nc6 4. g3 d5 5. Bg2 dxe4 6. Nxe4 Be7 7. O-O Nf6 8. Qe2 O-O 9. d3 b6 10. b3 Bb7 11. Bb2 Nxe4 12. dxe4 Qc7 13. c3 Rfd8 14. Rfd1 h6 15. h4 Bf6 16. Qe3 Rxd1+ 17. Rxd1 Rd8 18. Re1 c4 19. e5 Be7 20. Bf1 cxb3 21. axb3 Na5 22. c4 Bc5 23. Qc3 Bb4 24. Qxb4 Bxf3 25. Qc3 Bb7 26. Bg2 Bxg2 27. Kxg2 Qc6+ 28. Kg1 Nb7 29. Ba3 Nc5 30. Bxc5 bxc5 31. Qc2 Qf3 32. Ra1 g6 33. Re1 Rd3 34. Rb1 a5 35. Kh2 Kg7 36.
Kg1 Rd8 37. Qa2 Qe4 38. Rf1 g5 39. Qxa5 Rd3 40. hxg5 hxg5 41. Qxc5 Rxb3 42. Qe7 Qxe5 43.
c5 Rc3 44. Rd1 Rxc5 45. Rd8 Rc1+ 46. Kh2 Rc2 47. Qf8+ Kg6 48. Qg8+ Qg7 49. Qxg7+ Kxg7 50. Kg2 Kf6 51. Kf3 g4+ 52. Kxg4 Rxf2 53. Re8 Rf1 54. Kh4 Kf5 55. g4+ Kf4 56. Kh3 Rf3+ 57. Kg2 Rg3+ 58. Kf2 Rxg4 59. Rf8 Rg7 60. Re8 e5 61. Ke2 f5 62.
Kf1 Ra7 63. Rf8 Ra1+ 64. Ke2 Ra2+ 65. Kd3 e4+ 66. Kd4 Rd2+ 67. Kc3 Rd1 68. Rh8 Rd3+ 69. Kc2 Rd7 70. Rh4+ Ke5 71. Rh8 e3 72. Re8+ Kf4 73. Rf8 Ke4 74. Kc3 f4 75. Re8+ Kf3 76. Rf8 e2 77.
Kc2 e1=Q 78. Rf5 Qe4+ 0-1

[Event "Early-Titled-Tuesday-Blitz-March-05-2024"]
[Site "Chess.com"]
[Date "2024.03.05"]
[Round "1"]
[White "scarabee43"]
[Black "wild3000"]
[Result "1-0"]
[WhiteElo "2903"]
[BlackElo "2487"]
[TimeControl "180+1"]
[EndTime "8:08:53 PST"]
[Termination "scarabee43 won on time"]

1. Nf3 d5 2. e3 Nf6 3. c4 c6 4. b3 g6 5. Bb2 Bg7 6. Be2 O-O 7.
O-O Bg4 8. d3 Nbd7 9. Nbd2 Re8 10. h3 Bxf3 11. Nxf3 e5 12. cxd5 Nxd5 13. Qd2 a5 14. a3 Qb6 15. Qc2 Nc5 16. Nd2 a4 17. b4 Nd7 18. Rac1 Qd8 19. Nc4 Qh4 20. Na5 Rab8 21.
Qxa4 e4 22. Bxg7 Kxg7 23. dxe4 Qxe4 24. Bf3 Qe6 25. Rfd1 N5f6 26. Qb3 Ne5 27. Be2 Qxb3 28. Nxb3 Ra8 29. Ra1 Ne4 30. Rdc1 Red8 31. f3 Nd2 32. Na5 Rxa5 33. bxa5 Nb3 34. a6 bxa6 35. Bxa6 Nxc1 36. Rxc1 Ra8 37. Bf1 Rxa3 38. e4 g5 39. Kf2 f6 40.
Rb1 h5 41. Rb7+ Kg6 42. Rb8 h4 43. Rg8+ Kf7 44. Rc8 Ke7 45. Be2 Ra2 46. Ke3 Ra3+ 47. Kd2 Ra2+ 48. Ke1 Ra1+ 49. Kf2 Ra2 50. Rc7+ Kd6 51.
Rb7 Ng6 52. Ke3 Nf4 53. Bc4 Nxg2+ 54. Kd4 Ra3 55. Bg8 Nf4 56. Rf7 Ne6+ 57. Kc4 Rxf3 58. e5+ Kxe5 59. Re7 Rxh3 60. Rxe6+ Kf5 61. Rxc6 Rg3 62.
Be6+ Kf4 63. Bc8 f5 64. Rf6 h3 65. Rxf5+ Ke3 66. Re5+ Kf2 67. Rf5+ Kg1 68. Bb7 h2 69. Ra5 Kf2 70. Ra2+ Kg1 71. Ra1+ Kf2 72. Rh1 1-0

[Event "Early-Titled-Tuesday-Blitz-March-05-2024"]
[Site "Chess.com"]
[Date "2024.03.05"]
[Round "1"]
[White "chess_blitz00"]
[Black "nihalsarin"]
[Result "0-1"]
[WhiteElo "2526"]
[BlackElo "3193"]
[TimeControl "180+1"]
[EndTime "8:08:56 PST"]
[Termination "nihalsarin won on time"]

1. e4 c6 2. d4 d5 3. Nd2 dxe4 4. Nxe4 Nd7 5. Nf3 Ngf6 6. Nxf6+ Nxf6 7. Bd3 Bg4 8. c3 e6 9. h3 Bh5 10. Be2 Bd6 11.
O-O O-O 12. Re1 h6 13. Ne5 Bxe2 14. Qxe2 Qc7 15. Ng4 Nxg4 16. Qxg4 Kh7 17. Qe4+ Kh8 18. Qh4 Qe7 19. Qxe7 Bxe7 20. Bf4 Kg8 21. Rad1 Rfd8 22. Kf1 a5 23. c4 a4 24. Rd3 Rd7 25.
Red1 b5 26. cxb5 cxb5 27. Rc1 Bf6 28. Be3 Rad8 29. Rc5 Rd5 30. Rxd5 Rxd5 31. Ke2 Kf8 32. b3 axb3 33. Rxb3 Ke7 34. Rb4 Kd7 35. a4 bxa4 36. Rxa4 Rb5 37. Ra7+ Ke8 38. Ra8+ Bd8 39. Ra4 Ke7 40. Kf3 Kf6 41. g3 Kg6 42. h4 h5 43.
Ke4 Bf6 44. Rc4 Ra5 45. Rc5 Ra4 46. Kf3 Be7 47. Rb5 f6 48. Ke4 Ba3 49. Kf3 Ra6 50. d5 e5 51. Bc5 Kf5 52. Bxa3 Rxa3+ 53. Kg2 Rd3 54. Rb7 g6 55. Rb5 Rd2 56. Kf3 e4+ 57.
Ke3 Rd3+ 58. Ke2 Ke5 59. d6+ Kxd6 60. Rb6+ Ke5 61. Rb5+ Rd5 62. Rb8 Kf5 63. Ke3 Rd3+ 64. Ke2 Kg4 65. Rg8 Kh3 66. Rxg6 Rf3 67. Rh6 Kg2 68. Rxh5 f5 69. Rg5 Rxf2+ 70. Ke3 Kf1 71. g4 Rf3+ 72. Kd4 e3 73. gxf5 e2 74. f6 e1=Q 75.
Re5 Qc3+ 76. Kd5 Rxf6 77. h5 Qc6+ 78. Kd4 Rf4+ 0-1

[Event "Early-Titled-Tuesday-Blitz-March-05-2024"]
[Site "Chess.com"]
[Date "2024.03.05"]
[Round "1"]
[White "jk13"]
[Black "amylazy"]
[Result "1-0"]
[WhiteElo "2683"]
[BlackElo "2382"]
[TimeControl "180+1"]
[EndTime "8:09:00 PST"]
[Termination "jk13 won by resignation"]

1. e4 c5 2. Nf3 e6 3. c3 d5 4.
exd5 exd5 5. d4 Nf6 6. Bb5+ Bd7 7.
Bxd7+ Nbxd7 8. O-O Be7 9. dxc5 Nxc5 10. Nbd2 O-O 11. Nb3 Nce4 12. Be3 Re8 13. h3 a6 14. a4 b5 15. axb5 axb5 16. Nbd4 Qd7 17. Qb3 Bc5 18. Rfd1 Rab8 19. Ra6 b4 20. c4 dxc4 21. Qxc4 Rec8 22.
Ne5 Qb7 23. Nec6 Ra8 24. Rxa8 Rxa8 25. f3 Bxd4 26. Nxd4 Nd6 27. Qc6 Qxc6 28. Nxc6 Nf5 29. Bg5 Ne8 30. Nxb4 f6 31. Bf4 g5 32. Bh2 Kf7 33. g4 Nh4 34. Kf2 Kg6 35. f4 gxf4 36.
Bxf4 Ng7 37. Kg3 Ne6 38. Be3 Ra4 39. Nd3 Ng7 40. Nf4+ Kf7 41. Rd7+ Kf8 42. Kxh4 h5 43. Bc5+ Kg8 44. Kg3 h4+ 45. Kf3 Rc4 46. b4 Rc3+ 47.
Ke4 Rc4+ 48. Ke3 Rc3+ 49. Kd4 Rc1 50. Ke4 Re1+ 51. Be3 Ne8 52. Nd5 Rb1 53. Kd4 Ng7 54. Kc5 Ne6+ 55. Kd6 Nf8 56. Nxf6+ Kh8 57. Rd8 Kg7 58.
Ne8+ Kf7 59. Bc5 Ne6 60. Rd7+ Kxe8 61. Re7+ Kd8 62. Rxe6 Rd1+ 63. Kc6 Ra1 64. Rf6 Ra6+ 65. Bb6+ Ke7 66. Rh6 Ra1 67. b5 Rc1+ 68. Bc5+ Kf7 69. b6 Kg7 70. Rd6 Rb1 71. b7 Kf7 72. Kc7 Ke7 73.
b8=Q Rxb8 74. Kxb8 1-0

[Event "Early-Titled-Tuesday-Blitz-March-05-2024"]
[Site "Chess.com"]
[Date "2024.03.05"]
[Round "1"]
[White "Chernov_Mikhail"]
[Black "M1711"]
[Result "1/2-1/2"]
[WhiteElo "2324"]
[BlackElo "2606"]
[TimeControl "180+1"]
[EndTime "8:09:04 PST"]
[Termination "Game drawn - insufficient material"]

1. e4 c5 2. c3 d5 3. exd5 Nf6 4. d4 cxd4 5. cxd4 Nxd5 6. Nc3 Nc6 7. Nf3 g6 8. Bc4 Nb6 9. Bb3 Bg7 10. d5 Na5 11.
O-O O-O 12. Bg5 h6 13. Be3 Bg4 14. h3 Nxb3 15. axb3 Bd7 16. Qd2 Kh7 17. Rfe1 Re8 18. Bd4 e6 19. Bxg7 Kxg7 20. Qd4+ Qf6 21. Qxf6+ Kxf6 22. Ne5 a6 23. f4 exd5 24. Nxd7+ Nxd7 25. Nxd5+ Kg7 26. Rac1 Rxe1+ 27. Rxe1 Rd8 28. f5 Nf6 29. Nxf6 Kxf6 30. fxg6 fxg6 31. Re2 Rd5 32. Kf2 Rf5+ 33. Ke1 Rb5 34. Re3 Rg5 35. g3 Rh5 36. h4 Rc5 37. Kd2 Kf5 38. Rd3 Rc6 39. Ke3 Kg4 40. Kd2 Rf6 41. Ke2 Kh3 42. Re3 Rc6 43. Kd2 Kg2 44.
g4 Rf6 45. g5 hxg5 46. hxg5 Rf5 47. Re7 Rd5+ 48. Kc2 Rc5+ 49. Kb1 Rb5 50. Re6 Rxg5 51. Rb6 Kf3 52. Rxb7 a5 53. b4 axb4 54. Rxb4 Ke3 55. Kc2 Rg2+ 56. Kc3 g5 57. Rb8 Rg1 58. Re8+ Kf4 59.
b4 Rb1 60. Kc4 g4 61. b5 g3 62. Rg8 Re1 63. b6 Re4+ 64. Kc3 Re7 65. Kc4 Re4+ 66.
Kc3 Re7 67. Kc4 Kf3 68. Kc5 Re5+ 69. Kc6 Re6+ 70. Kc7 Re7+ 71. Kc6 Re6+ 72. Kc7 g2 73. Rxg2 Kxg2 74. b7 Re8 75. b8=Q Rxb8 76. Kxb8 1/2-1/2

[Event "Early-Titled-Tuesday-Blitz-March-05-2024"]
[Site "Chess.com"]
[Date "2024.03.05"]
[Round "1"]
[White "diamonds13"]
[Black "goldihouse"]
[Result "0-1"]
[WhiteElo "2374"]
[BlackElo "2674"]
[TimeControl "180+1"]
[EndTime "8:09:08 PST"]
[Termination "goldihouse won by resignation"]

1. d4 Nf6 2. c4 e6 3. Nc3 Bb4 4. e3 b6 5. Ne2 c5 6. a3 Ba5 7.
Rb1 Na6 8. Bd2 O-O 9. d5 Bb7 10. Nf4 Re8 11. Be2 Bxc3 12. Bxc3 e5 13. Nh3 Ne4 14. Qc2 Nxc3 15. Qxc3 d6 16. O-O Bc8 17. e4 Qh4 18. Qg3 Qxe4 19. Bd3 Qg4 20. Qe3 f5 21. f4 Bd7 22. Ng5 exf4 23. Qxf4 Qxf4 24.
Rxf4 g6 25. Rh4 Re7 26. Rf1 Rae8 27. Rh3 Nc7 28. Rh6 b5 29. h4 bxc4 30. Bxc4 Rb8 31. b3 Ne8 32. h5 Rg7 33. Ne6 Bxe6 34. dxe6 Kf8 35. hxg6 hxg6 36. Rh8+ Ke7 37. Bd5 Rd8 38.
Re1 Nf6 39. Rxd8 Kxd8 40. Bc4 d5 41. Bxd5 Nxd5 42. Rd1 Kc7 43. Rxd5 Kc6 44. Re5 Re7 45.
b4 cxb4 46. axb4 Kd6 47. Ra5 Kxe6 48. Ra6+ Kf7 49. Kf2 Rb7 50. Kf3 Kg7 51. g3 Kh6 52. Kg2 Kg5 53. Kh3 Kh5 54. Ra4 Kg5 55. Kh2 Kg4 56.
Ra6 g5 57. Ra4 Kf3 58. Ra3+ Ke4 59. Ra4 Kf3 60. Ra3+ Kg4 61. Ra4 Kh5 62. Kh3 Rh7 63. g4+ Kg6+ 64. Kg3 f4+ 65. Kf3 Rh3+ 66. Kf2 Rb3 67.
Ra6+ Kf7 68. Rxa7+ Kf6 69. Rb7 Ke5 70. Rb5+ Ke4 71.
Rxg5 Rb2+ 72. Ke1 Rxb4 73. Rg8 Ke3 74. Re8+ Kf3 75. g5 Rb1+ 76. Kd2 Rg1 77. Rg8 Kf2 78. g6 f3 79. g7 Rg6 80. Kc2 Kg2 81. Kd2 f2 82.
Rf8 Rxg7 0-1

[Event "Early-Titled-Tuesday-Blitz-March-05-2024"]
[Site "Chess.com"]
[Date "2024.03.05"]
[Round "1"]
[White "luckyswitchback"]
[Black "chupitroko32"]
[Result "1-0"]
[WhiteElo "2681"]
[BlackElo "2374"]
[TimeControl "180+1"]
[EndTime "8:09:18 PST"]
[Termination "luckyswitchback won by resignation"]

1. e4 d5 2. exd5 Qxd5 3. Nc3 Qd8 4. d4 Nf6 5. Nf3 Bg4 6. Bc4 e6 7. h3 Bxf3 8. Qxf3 c6 9. Be3 Nbd7 10. O-O Be7 11.
Rad1 O-O 12. Rfe1 Re8 13. Bd3 Nf8 14. Ne4 Ng6 15. Nxf6+ Bxf6 16. c3 Qd5 17. Qxd5 exd5 18. g3 Be7 19. h4 Bd6 20. Bd2 Nf8 21. f4 Nd7 22. Kg2 g6 23. f5 Nf6 24. Kf3 Ne4 25. Bxe4 dxe4+ 26. Rxe4 Rxe4 27. Kxe4 Bxg3 28. Bg5 Re8+ 29.
Kf3 Bd6 30. d5 c5 31. Bf4 Bxf4 32. Kxf4 Kg7 33. d6 Kf6 34. Rd5 b6 35. a4 a5 36.
b3 Rd8 37. fxg6 hxg6 38. h5 gxh5 39. Rxh5 Rxd6 40. Ke4 Ke6 41. Rh6+ Kd7 42. Rh7 Rf6 43. Kd5 Rf5+ 44. Ke4 Rf1 45. Kd5 Rf3 46. Kc4 Kc6 47. Rh6+ f6 48. Rg6 Rf4+ 49. Kd3 c4+ 50. Ke3 Rf5 51.
b4 axb4 52. cxb4 Rf1 53. Kd4 Rf4+ 54. Kc3 Kb7 55. b5 Kc7 56. Kb4 Kd6 57. Rh6 c3+ 58. Kxc3 Kc5 59. Kb3 Rf3+ 60. Kb2 Kb4 61. Rh4+ Ka5 62. Kc2 f5 63. Kd2 f4 64. Ke2 Re3+ 65. Kd2 Re4 66. Kd3 Rxa4 67. Kc3 Kxb5 68. Rh5+ Ka6 69.
Rf5 b5 70. Kb3 Ka5 71. Rf8 Re4 72. Ra8+ Kb6 73. Rb8+ Kc6 74. Rf8 Re3+ 75. Kb4 f3 76. Rf6+ Kd5 77. Kxb5 Ke4 78. Kc4 Re1 79. Re6+ Kf4 80. Rxe1 f2 81. Rf1 Kf3 82. Kd3 1-0